 Dungeon Crawl Stone Soup version 0.18.1-6-gd335043 (webtiles) character file.

14301 PossumBlood the Severer (level 12, -3/88 HPs)
             Began as a Formicid Fighter on May 17, 2016.
             Was a High Priest of Okawaru.
             Slain by a large slime creature (33 damage)
             ... on level 12 of the Dungeon.
             The game lasted 00:30:33 (10359 turns).

PossumBlood the Severer (Formicid Fighter)         Turns: 10359, Time: 00:30:34

Health: -3/88      AC: 17    Str: 31    XL:     12   Next: 43%
Magic:  12/12      EV:  7    Int: 12    God:    Okawaru [*****.]
Gold:   237        SH: 10    Dex: 13    Spells: 0 memorised, 11 levels left

rFire  . . .     SeeInvis +     a - +5 war axe
rCold  . . .     Gourm    .     I - +1 chain mail "Garalik" {rPois Dex+3}
rNeg   . . .     Faith    .     c - +0 shield
rPois  +         Spirit   .     (helmet unavailable)
rElec  .         Dismiss  .     P - +2 cloak {MR+}
rCorr  .         Reflect  .     y - +0 pair of gloves
SustAt .         Harm     .     (no boots)
MR     ++...                    f - amulet of regeneration
Stlth  ..........               b - +4 ring of intelligence
                                g - +5 ring of strength

@: very resistant to hostile enchantments, extremely unstealthy
A: permanent stasis, dig shafts and tunnels, four strong arms, antennae 3, wild
magic 1
a: Dig, Shaft Self, Heroism, Finesse, Renounce Religion


You were on level 12 of the Dungeon.
You worshipped Okawaru.
Okawaru was extremely pleased with you.
You were not hungry.

You visited 2 branches of the dungeon, and saw 12 of its levels.

You collected 661 gold pieces.
You spent 424 gold pieces at shops.

Inventory:

Hand Weapons
 a - a +5 war axe (weapon)
 z - a +1 hand axe of chopping
Missiles
 w - 6 exploding tomahawks
 x - 2 tomahawks (quivered)
 J - 6 tomahawks of returning
Armour
 c - a +0 shield (worn)
 y - a +0 pair of gloves (worn)
 F - a +0 chain mail of cold resistance
 I - the +1 chain mail "Garalik" (worn) {rPois Dex+3}
   (You found it on level 10 of the Dungeon)

   It affects your dexterity (+3).
   It protects you from poison.
 N - the -1 cloak of Divine Intervention {Int+3}
   (You found it on level 9 of the Dungeon)

   It affects your intelligence (+3).
 P - a +2 cloak of magic resistance (worn)
Jewellery
 b - a +4 ring of intelligence (right hand)
 f - an amulet of regeneration (around neck)
 g - a +5 ring of strength (left hand)
 E - an uncursed ring of positive energy
 H - an uncursed ring of ice
 K - an uncursed ring of positive energy
 Q - an uncursed ring of flight
Wands
 j - a wand of paralysis (10/24)
 r - a wand of iceblast (15/15)
 u - a wand of acid (8/15)
 L - a wand of paralysis (16/24)
 O - a wand of heal wounds (5/9)
Scrolls
 l - a scroll of magic mapping
 m - 5 scrolls of enchant armour
 n - a scroll of recharging
 B - 6 scrolls of remove curse
 D - 4 scrolls of fear
 M - a scroll of fog
 R - a scroll of identify
Potions
 d - 2 potions of might
 e - 3 potions of cancellation
 i - a potion of cure mutation
 k - 3 potions of mutation
 o - 3 potions of flight
 p - a potion of invisibility
 q - 4 potions of lignification
 A - 2 potions of agility
 C - 3 potions of brilliance
 G - 2 potions of curing
Books
 s - a book of Debilitation

   Spells                             Type                      Level
   a - Corona                         Hexes                        1
   b - Slow                           Hexes                        2
   c - Gell's Gravitas                Hexes/Translocation          3
   d - Inner Flame                    Hexes/Fire                   3
   e - Cause Fear                     Hexes                        4
   f - Leda's Liquefaction            Hexes/Earth                  4
Comestibles
 h - 5 meat rations
 t - 3 beef jerkies
 v - 3 slices of pizza


   Skills:
 - Level 6.0 Fighting
 - Level 16.1 Axes
 * Level 9.4 Armour
 - Level 3.6 Shields


You had 11 spell levels left.
You didn't know any spells.

Dungeon Overview and Level Annotations

Branches:
Dungeon (12/15)            Temple (1/1) D:4            Lair (0/8) D:11
    Orc (0/2) D:9

Altars:
Ashenzari
Cheibriados
Dithmenos
Elyvilon
Fedhas
Gozag
Kikubaaqudgha
Makhleb
Nemelex Xobeh
Okawaru
Ru
Sif Muna
Trog
Vehumet
Yredelemnul
Zin
The Shining One
Beogh

Shops:
D:4 ***   D:6 *


Innate Abilities, Weirdness & Mutations

You are under a permanent stasis effect.
You can dig through walls and to a lower floor.
Your four strong arms can wield two-handed weapons with a shield.
You have a pair of large antennae on your head (SInv).
Your spells are a little harder to cast, but a little more powerful.


Message History

You see here a hippogriff corpse.
You slash the large slime creature!
The large slime creature is lightly wounded.
The large slime creature hits you!
You open the large slime creature like a pillowcase!!!
The large slime creature is moderately wounded.
The large slime creature hits you but does no damage.
You slice the large slime creature!!
The large slime creature is heavily wounded.
The large slime creature hits you but does no damage.
An orc comes into view. It is wielding a war axe.
You slash the large slime creature!
The large slime creature is severely wounded.
Your shield and chain mail "Garalik" prevent you from hitting the large slime creature.
The large slime creature is severely wounded.
The large slime creature hits you!!
You hit the large slime creature.
The large slime creature is severely wounded.
The orc moves out of view.
The large slime creature hits you!!
You die...

{ { { ####
##..## #.##.##
{{##.##@#{
#.###JO≈≈.#
##.#.##.≈≈.#
#.##.##.≈≈.#
#.###.# ≈≈.#
#.###.# ≈≈.#
##.#.## ≈.#
...........
##.## ≈.#
...........##.##
{


You could see a large slime creature and an ogre.

Vanquished Creatures
  Josephine (D:10)
  Harold (D:11)
  4 hill giants
  A necromancer (D:11)
  2 ugly things (D:12)
  A cyclops (D:12)
  Maurice (D:11)
  A centaur skeleton (D:10)
  A tengu conjurer (D:10)
  Prince Ribbit (D:6)
  7 slime creatures (D:12)
  3 wraiths (D:10)
  3 yaks (D:10)
  4 hippogriffs
  2 hungry ghosts (D:11)
  Menkaure (D:6)
  Duvessa (D:5)
  2 hell hounds (D:11)
  A water moccasin (D:9)
  An ice beast (D:10)
  3 black bears
  7 orc warriors
  A necrophage (D:10)
  A phantom (D:5)
  2 sky beasts
  3 ogres
  5 centaurs
  A crocodile (D:11)
  A big kobold (D:10)
  4 giant frogs
  A gnoll sergeant (D:9)
  Dowan (D:5)
  4 jellies
  3 howler monkeys (D:9)
  6 crimson imps
  2 quasits
  2 giant frog skeletons
  2 gnoll shamans
  4 hounds
  15 orc priests
  9 orc wizards
  An iguana (D:12)
  2 worker ants
  3 polar bear simulacra (D:11)
  2 yak simulacra (D:11)
  3 wolf simulacra (D:11)
  A hound skeleton (D:10)
  A hound zombie (D:5)
  3 worker ant zombies (D:5)
  17 gnolls
  8 adders
  An ooze (D:5)
  An adder zombie (D:6)
  2 adder skeletons
  3 dart slugs
  11 giant geckos
  42 orcs
  8 giant cockroaches
  5 goblins
  8 hobgoblins
  4 jackals (D:11)
  3 quokkas
  A ball python skeleton (D:4)
  3 bats (D:2)
  A giant gecko zombie (D:5)
  4 giant newts
  A jackal zombie (D:7)
  10 kobolds
  A quokka zombie (D:6)
  3 rats
  3 river rat simulacra (D:11)
272 creatures vanquished.

Vanquished Creatures (others)
  A sky beast (D:6)
1 creature vanquished.

Grand Total: 273 creatures vanquished

Notes
Turn   | Place    | Note
--------------------------------------------------------------
     0 | D:1      | PossumBlood the Formicid Fighter began the quest for the Orb.
     0 | D:1      | Reached XP level 1. HP: 18/18 MP: 1/1
    65 | D:1      | Reached XP level 2. HP: 25/25 MP: 2/2
   593 | D:1      | Reached XP level 3. HP: 26/31 MP: 3/3
   933 | D:2      | Reached skill level 5 in Fighting
   938 | D:2      | Reached XP level 4. HP: 36/39 MP: 4/4
  1033 | D:2      | Gained mutation: Your spells are a little harder to cast, but a little more powerful. [potion of beneficial mutation]
  1533 | D:3      | Reached XP level 5. HP: 30/46 MP: 5/5
  2649 | D:4      | Found Peorgh Le Her's General Store.
  2671 | D:4      | Bought a scroll of enchant armour for 75 gold pieces
  2671 | D:4      | Bought a potion of flight for 30 gold pieces
  2786 | D:4      | Reached skill level 3 in Axes
  2788 | D:4      | Reached XP level 6. HP: 46/52 MP: 6/6
  2793 | D:4      | Reached skill level 4 in Axes
  2932 | D:4      | Found Qomisug's Assorted Antiques.
  2982 | D:4      | Bought a scroll labeled ZOASEE DIQY for 26 gold pieces
  2982 | D:4      | Bought a scroll labeled ANIOTRU KEVIPRU for 26 gold pieces
  3109 | D:4      | Found a staircase to the Ecumenical Temple.
  3223 | D:4      | Found Ytuhoe's General Store.
  3231 | D:4      | Bought a scroll of identify for 22 gold pieces
  3551 | D:5      | Entered Level 5 of the Dungeon
  3554 | D:5      | Noticed a phantom
  3583 | D:5      | Killed a phantom
  3583 | D:5      | Reached skill level 5 in Axes
  3583 | D:5      | Reached XP level 7. HP: 30/58 MP: 7/7
  3730 | D:5      | Noticed Dowan
  3747 | D:5      | Killed Dowan
  3826 | D:5      | Noticed Duvessa
  3836 | D:5      | Killed Duvessa
  3836 | D:5      | Reached skill level 6 in Axes
  4072 | D:5      | Reached skill level 7 in Axes
  4072 | D:5      | Reached XP level 8. HP: 64/64 MP: 8/8
  4823 | D:6      | Reached skill level 8 in Axes
  5102 | Temple   | Entered the Ecumenical Temple
  5110 | Temple   | Became a worshipper of Warmaster Okawaru
  5218 | D:6      | Reached skill level 9 in Axes
  5238 | D:6      | Noticed Menkaure
  5252 | D:6      | Killed Menkaure
  5252 | D:6      | Reached * piety under Okawaru
  5252 | D:6      | Reached XP level 9. HP: 11/69 MP: 9/9
  5702 | D:6      | Noticed Prince Ribbit
  5714 | D:6      | Reached skill level 10 in Axes
  5716 | D:6      | Killed Prince Ribbit
  5921 | D:6      | Found a basalt altar of Yredelemnul.
  5921 | D:6      | Found a shattered altar of Ashenzari.
  5922 | D:6      | Found a sacrificial altar of Ru.
  5925 | D:6      | Found a sparkling altar of Nemelex Xobeh.
  6041 | D:6      | Found Dacedaim's General Store.
  6133 | D:6      | Bought 2 potions of brilliance for 112 gold pieces
  6133 | D:6      | Bought a scroll of identify for 28 gold pieces
  6133 | D:6      | Bought a potion of might for 56 gold pieces
  6133 | D:6      | Bought a scroll of magic mapping for 49 gold pieces
  6339 | D:6      | You fall through a shaft!
  6359 | D:7      | Reached skill level 11 in Axes
  6775 | D:7      | You fall through a shaft for 3 floors!
  6775 | D:10     | Entered Level 10 of the Dungeon
  6822 | D:10     | Reached ** piety under Okawaru
  6833 | D:10     | Reached skill level 12 in Axes
  6833 | D:10     | Reached XP level 10. HP: 38/76 MP: 10/10
  7068 | D:10     | Noticed a hill giant
  7076 | D:10     | Killed a hill giant
  7076 | D:10     | Reached skill level 13 in Axes
  7193 | D:10     | Reached *** piety under Okawaru
  7241 | D:10     | Got an ancient chain mail
  7252 | D:10     | Identified the +1 chain mail "Garalik" {rPois Dex+3} (You found it on level 10 of the Dungeon)
  7332 | D:10     | Noticed a hill giant
  7344 | D:10     | Killed a hill giant
  7470 | D:9      | Found a bloodstained altar of Trog.
  7514 | D:9      | Reached **** piety under Okawaru
  7514 | D:9      | Reached skill level 14 in Axes
  8082 | D:9      | Found a roughly hewn altar of Beogh.
  8082 | D:9      | Found a staircase to the Orcish Mines.
  8119 | D:9      | Got a faintly glowing cloak
  8125 | D:9      | Identified the -1 cloak of Divine Intervention {Int+3} (You found it on level 9 of the Dungeon)
  8295 | D:9      | Reached XP level 11. HP: 81/81 MP: 11/11
  8496 | D:10     | Noticed Josephine
  8518 | D:10     | Killed Josephine
  8518 | D:10     | Reached ***** piety under Okawaru
  8518 | D:10     | Reached skill level 15 in Axes
  9161 | D:11     | Noticed a necromancer
  9161 | D:11     | Noticed Maurice
  9170 | D:11     | Killed a necromancer
  9190 | D:11     | Killed Maurice
  9268 | D:11     | Received a gift from Okawaru
  9427 | D:11     | Found a staircase to the Lair.
  9513 | D:11     | Noticed a hill giant
  9522 | D:11     | Killed a hill giant
  9522 | D:11     | Reached skill level 16 in Axes
  9845 | D:11     | Noticed Harold
  9863 | D:11     | Killed Harold
  9863 | D:11     | Reached skill level 5 in Armour
 10020 | D:12     | Reached XP level 12. HP: 65/88 MP: 12/12
 10359 | D:12     | Slain by a large slime creature

Skill      XL: |  1  2  3  4  5  6  7  8  9 10 11 12 |
---------------+-------------------------------------+-----
Fighting       | 4 5 6 |  6.0
Axes           | 3 5 7 9 12 14 16 | 16.1
Armour         | 5 9 |  9.4
Shields        | |  3.6

Action                   |  1- 3 |  4- 6 |  7- 9 | 10-12 || total
-------------------------+-------+-------+-------+-------++-------
Melee: War axe           |    78 |   175 |   204 |   411 ||   868
Invok: Heroism           |       |       |     1 |       ||     1
 Abil: Shaft Self        |       |       |     1 |       ||     1
  Use: Scroll            |       |    12 |    10 |     7 ||    29
       Potion            |       |     1 |     5 |     2 ||     8
  Eat: Bread ration      |       |     2 |     2 |     2 ||     6
       Fruit             |       |     2 |       |       ||     2
       Pizza             |       |       |       |     1 ||     1
       Meat ration       |       |       |       |     1 ||     1
       Beef jerky        |       |       |       |     1 ||     1
Armor: Scale mail        |    34 |     6 |       |       ||    40
       Chain mail        |       |    64 |    91 |   132 ||   287
Dodge: Dodged            |    17 |    40 |    49 |    67 ||   173
Block: Shield            |    45 |    84 |   122 |   172 ||   423
